 Dungeon Crawl Stone Soup version 0.26-a0-663-g36e8fdb655 (webtiles) character file.

Game seed: 9055323871921682129

1256 jasper the Agent of Entropy (level 8, -1/61 HPs)
             Began as a Demonspawn Abyssal Knight on Oct 11, 2020.
             Was a Priest of Lugonu.
             Splashed by a jelly's acid (10 damage)
             ... on level 7 of the Dungeon.
             The game lasted 00:10:19 (8262 turns).

jasper the Agent of Entropy (DsAK)                  Turns: 8262, Time: 00:10:21

Health: -1/61      AC: -8    Str: 14    XL:     8   Next: 26%
Magic:  0/14       EV:  9    Int: 14    God:    Lugonu [***...]
Gold:   444        SH:  3    Dex: 13    Spells: 7/7 levels left

rFire    . . .     SeeInvis +     - Unarmed
rCold    . . .     Faith    .   w - +0 buckler
rNeg     + . .     Spirit   +   c - +0 scale mail
rPois    .         Reflect  .   (helmet restricted)
rElec    .         Harm     .   s - +0 cloak
rCorr    .         Rampage  .   (no gloves)
MR       .....                  (no boots)
Stlth    ..........             (no amulet)
HPRegen  0.20/turn              x - ring of see invisible
MPRegen  0.14/turn              v - ring of positive energy

@: corroded
A: claws 1, horns 1, talons 2, magic shield
a: Depart the Abyss, Bend Space, Banish, Renounce Religion


You were on level 7 of the Dungeon.
You worshipped Lugonu.
Lugonu was most pleased with you.
You visited 1 branch of the dungeon, and saw 7 of its levels.
You visited the Abyss 1 time.

You collected 444 gold pieces.

Inventory:

Hand Weapons
 a - a +1 hand axe
 e - a +0 quarterstaff
 f - a +0 hunting sling
Missiles
 g - 169 stones (quivered)
 z - 18 poisoned darts
Armour
 b - a +0 leather armour
 c - a +0 scale mail (worn)
 s - a +0 cloak (worn)
 w - a +0 buckler (worn)
Jewellery
 k - an uncursed ring of ice
 v - a ring of positive energy (right claw)
 x - a ring of see invisible (left claw)
 y - a cursed ring of stealth
 E - an uncursed ring of protection from magic
Wands
 C - a wand of enslavement (32)
Scrolls
 d - 5 scrolls of remove curse {unknown}
 j - 2 scrolls of enchant armour {unknown}
 o - 3 scrolls of identify {unknown}
 p - 2 scrolls of fear {unknown}
 q - a scroll of enchant weapon {unknown}
 t - a scroll of blinking {unknown}
 u - a scroll of fog {unknown}
 A - a scroll of silence {unknown}
 D - a scroll of amnesia {unknown}
Potions
 h - a potion of curing
 i - a potion of berserk rage {unknown}
 l - 2 potions of degeneration {unknown}
 m - a potion of heal wounds {unknown}
 n - a potion of ambrosia {unknown}
 r - 3 potions of mutation {unknown}
 B - a potion of flight {unknown}


   Skills:
 + Level 4.4 Fighting
 - Level 1.7 Axes
 - Level 1.6 Staves
 - Level 1.7 Armour
 + Level 2.9 Dodging
 + Level 0.8 Shields
 * Level 5.2 Unarmed Combat
 - Level 8.2 Invocations


You had 7 spell levels left.
You didn't know any spells.
Your spell library contained the following spells:

 Spells                   Type           Power        Failure   Level
 Animate Skeleton         Necr           #.....       88%         1
 Foxfire                  Conj/Fire      #...         88%         1
 Pain                     Necr           #...         88%         1
 Poisonous Vapours        Pois/Air       #.....       95%         2
 Conjure Flame            Conj/Fire      #.......     99%         3
 Inner Flame              Hex/Fire       #.......     99%         3
 Mephitic Cloud           Conj/Pois/Air  #.......     99%         3
 Vampiric Draining        Necr           #.........   99%         3
 Animate Dead             Necr           #.........   100%        4
 Sticky Flame             Conj/Fire      #.......     100%        4
 Agony                    Necr           #.......     100%        5
 Fireball                 Conj/Fire      #.........   100%        5
 Freezing Cloud           Conj/Ice/Air   #.........   100%        6


Dungeon Overview and Level Annotations

Branches:
Dungeon (7/15)
 Temple: D:4-7

Altars:
Cheibriados
Makhleb
Okawaru
Qazlal
Sif Muna
Trog
Vehumet
Wu Jian

Annotations:
D:5 exclusion: orc wizard


Innate Abilities, Weirdness & Mutations

You have sharp fingernails.
You have a pair of small horns on your head.
You have razor-sharp toenails.
When hurt, damage is shared between your health and your magic reserves.


Message History

You take 2 damage, and have 38/61 hp.
You scratch the jelly but do no damage. The acid corrodes you!
Your claws burn!
The jelly is almost dead.
The jelly hits you.
You are splashed with acid!
You take 9 damage, and have 29/61 hp.
You now have 5/14 mp.
You are too injured to fight recklessly!
You scratch the jelly but do no damage. The acid corrodes you!
Your claws burn!
You headbutt the jelly, but do no damage.
The jelly is almost dead.
The jelly hits you. The acid corrodes you!
You are splashed with acid!
* * * LOW HITPOINT WARNING * * *
You take 15 damage, and have 14/61 hp.
MASSIVE DAMAGE!!
You now have 2/14 mp.
You scratch the jelly but do no damage.
Your claws burn!
* * * LOW HITPOINT WARNING * * *
You claw the jelly, but do no damage.
The jelly is almost dead.
The jelly hits you.
* * * LOW HITPOINT WARNING * * *
You are splashed with acid!
You die...

##### .... # #..
.# #.# ##..##
#####[######.....#
#..).)...........#
#@####.<..........
#J# #.#####.....#
#.# #.# ....# ..#
#.# .... ### #.#
#.# ... # #.# #.#


You could see a jelly.

Vanquished Creatures
  A necrophage (D:5)
  An ice beast (D:6)
  2 centaurs
  2 howler monkeys
  A jelly (D:5)
  A centaur zombie (D:6)
  An orc wizard (D:5)
  A bullfrog skeleton (D:6)
  An orc priest (D:5)
  A centaur skeleton (D:5)
  An iguana (D:4)
  A worker ant (D:5)
  14 gnolls
  8 adders
  3 shadow imps
  A white imp (D:6)
  An ooze (D:2)
  5 worms
  3 dart slugs
  6 leopard geckos
  16 orcs
  7 ball pythons
  7 giant cockroaches
  13 goblins
  12 hobgoblins
  2 quokkas
  6 bats
  6 frilled lizards
  7 kobolds
  A leopard gecko skeleton (D:5)
  10 rats
142 creatures vanquished.

Vanquished Creatures (others)
  A giant cockroach (D:5)
1 creature vanquished.

Grand Total: 143 creatures vanquished

Notes
Turn   | Place    | Note
-------+----------+-------------------------------------------
     0 | Abyss:1  | jasper the Demonspawn Abyssal Knight began the quest for
                  | the Orb.
     0 | Abyss:1  | Reached XP level 1. HP: 18/18 MP: 2/2
     0 | Abyss:1  | Found a corrupted altar of Lugonu.
    41 | Abyss:2  | Noticed a ynoxinul
    51 | Abyss:3  | Noticed a small abomination
    69 | Abyss:3  | Noticed a redback
    70 | Abyss:3  | Noticed a thrashing horror
    71 | Abyss:3  | Noticed a glowing orange brain
    72 | D:1      | Escaped the Abyss
   282 | D:1      | Reached skill level 1 in Staves
   465 | D:1      | Reached * piety under Lugonu
   465 | D:1      | Gained mutation: You have sharp toenails. [demonic
                  | ancestry]
   465 | D:1      | Reached XP level 2. HP: 24/24 MP: 3/3
   739 | D:1      | Reached skill level 1 in Unarmed Combat
   843 | D:1      | Gained mutation: You have sharp fingernails. [demonic
                  | ancestry]
   843 | D:1      | Reached XP level 3. HP: 23/29 MP: 4/4
  2064 | D:2      | HP: 1/29 [adder (3)]
  2316 | D:2      | Reached ** piety under Lugonu
  2698 | D:2      | Found an iron altar of Okawaru.
  2764 | D:2      | Gained mutation: You have a pair of small horns on your
                  | head. [demonic ancestry]
  2764 | D:2      | Reached XP level 4. HP: 33/35 MP: 5/5
  3063 | D:2      | Found an ornate altar of the Wu Jian Council.
  3312 | D:3      | Reached skill level 1 in Dodging
  3895 | D:3      | Reached XP level 5. HP: 41/41 MP: 6/6
  4195 | D:3      | Found a faded altar of an unknown god.
  4231 | D:4      | Noticed an ogre
  4274 | D:4      | Reached *** piety under Lugonu
  4313 | D:5      | Entered Level 5 of the Dungeon
  4703 | D:4      | Banished an ogre
  4703 | D:4      | Reached skill level 3 in Invocations
  4703 | D:4      | Reached XP level 6. HP: 47/47 MP: 6/8
  4769 | D:4      | Reached skill level 4 in Invocations
  4941 | D:4      | Found a radiant altar of Vehumet.
  4944 | D:4      | Found a snail-covered altar of Cheibriados.
  4954 | D:4      | Found a stormy altar of Qazlal.
  5050 | D:4      | Reached skill level 5 in Invocations
  5194 | D:4      | Found a burning altar of Makhleb.
  5435 | D:4      | Reached skill level 6 in Invocations
  5435 | D:4      | Gained mutation: You have razor-sharp toenails. [demonic
                  | ancestry]
  5435 | D:4      | Reached XP level 7. HP: 36/52 MP: 7/11
  5832 | D:5      | Reached skill level 7 in Invocations
  5915 | D:5      | Reached skill level 8 in Invocations
  6670 | D:5      | Found a shimmering blue altar of Sif Muna.
  7096 | D:6      | Gained mutation: When hurt, damage is shared between your
                  | health and your magic reserves. [demonic ancestry]
  7096 | D:6      | Reached XP level 8. HP: 46/60 MP: 11/14
  7338 | D:6      | Noticed a moth of wrath
  7342 | D:6      | Found a bloodstained altar of Trog.
  7699 | D:6      | Reached skill level 5 in Unarmed Combat
  8262 | D:7      | Splashed by a jelly's acid

Illustrated notes

Levels and vault maps discovered:
D:1:      erik_arrival_cave_to_civilisation [erik_arrival_cave_to_hall],
          layout_basic
D:2:      layout_rooms, lemuel_round_altar, okawaru_trees_1
D:3:      layout_rooms, chequers_ecumenical_altar_grove, minmay_door_square
D:4:      layout_loops_ring, grunt_temple_overflow_cloverleaf,
          portal_sewer_entry_e
D:5:      layout_loops_ring, minmay_misc_feat_secret_circle, led_sif_book
D:6:      layout_loops_ring, tgw_trog, minmay_tree_intersection,
          kennysheep_generic_room_13
D:7:      layout_loops_ring, minmay_temple_entry_mini_moons, uniq_duvessa

Skill      XL: |  1  2  3  4  5  6  7  8 |
---------------+-------------------------+-----
Staves         | 1 |  1.6
Unarmed Combat | 1 2 3 4 5 |  5.2
Dodging        | 1 2 |  2.9
Invocations    | 3 6 8 |  8.2
Fighting       | 4 |  4.4
Axes           | |  1.7
Armour         | |  1.7
Shields        | |  0.8

Action                   |  1- 3 |  4- 6 |  7- 9 || total
-------------------------+-------+-------+-------++-------
Melee: Quarterstaff      |    84 |    16 |       ||   100
       Kick              |    12 |    37 |    44 ||    93
       Unarmed           |       |   146 |   147 ||   293
       Headbutt          |       |    26 |    27 ||    53
       Punch             |       |     2 |     5 ||     7
 Fire: Hunting sling     |    59 |       |       ||    59
Throw: Stone             |       |     7 |       ||     7
Invok: Depart the Abyss  |     1 |       |       ||     1
       Banish            |       |     2 |     2 ||     4
  Use: Potion            |     1 |       |     1 ||     2
Armor: Scale mail        |     3 |    51 |    40 ||    94
Dodge: Dodged            |    77 |    64 |    64 ||   205
Block: Buckler           |       |       |     1 ||     1

Table legend: (Time is in decaauts)
 A = Elapsed time spent in this place.
 B = Non-inter-level travel time spent in this place.
 C = Inter-level travel time spent in this place.
 D = Time resting spent in this place.
 E = Time spent auto-exploring this place.
 F = Levels seen in this place.
 G = Mean time per level.
                   A        B        C        D        E       F      G
               +--------+--------+--------+--------+--------+-----+--------+
         Total |   8275 |   8040 |    235 |   2085 |   4771 |  10 |  827.5 |
       Dungeon |   8204 |   7969 |    235 |   2085 |   4745 |   7 | 1172.0 |
         Abyss |     71 |     71 |      0 |      0 |     26 |   3 |   23.7 |
               +--------+--------+--------+--------+--------+-----+--------+

Top non-repeatable levels by time:
     D:1: 1859 daAuts
     D:2: 1715 daAuts
     D:4: 1410 daAuts
     D:5: 1248 daAuts
     D:6: 1237 daAuts
     D:3: 641 daAuts
     D:7: 91 daAuts
 Abyss:3: 29 daAuts
 Abyss:2: 24 daAuts
 Abyss:1: 17 daAuts
